cohdb
Replays
Latest Replays
All Replays
Popular Replays
Top Player Replays
Match Explorer
How It Works
Community
CoH3 Stats
Reddit
Sign in to upload your games and track your stats! →
Sign in with Steam
Match 40145662
Unlisted
Match 40145662
Overview
Messages
Build Orders
End
Construct Barracks
Riflemen Squad
M1 Mortar Team
Riflemen Squad
Grenade Package
Selects Special Operations Battlegroup
Selects M29 Weasel with M1 Pack Howitzer
M29 Weasel with M1 Pack Howitzer
Infantry Support Center
Construct Motor Pool
Selects Smoke Screen
M1 Anti-tank Gun Team
Construct Medical Station
M8 Greyhound Armored Car
Selects SSF Commando Squad
Spectre
koba (Monkey man)
Saueee
JBQuib
0
0
Comments
sign in to comment!
No comments posted yet!